 Dungeon Crawl Stone Soup version 0.20-a0-266-gdedccd6 (webtiles) character file.

53 FitzyFitz the Cutter (level 3, 0/19 HPs)
             Began as a Spriggan Abyssal Knight on Dec 6, 2016.
             Was a Follower of Lugonu.
             Slain by an adder (3 damage)
             ... on level 2 of the Dungeon.
             The game lasted 00:05:43 (2261 turns).

FitzyFitz the Cutter (Spriggan Abyssal Knight)      Turns: 2261, Time: 00:05:44

Health: 0/19       AC:  2    Str: 12    XL:     3   Next: 64%
Magic:  5/5        EV: 17    Int: 14    God:    Lugonu [*.....]
Gold:   115        SH:  0    Dex: 15    Spells: 2/2 levels left

rFire  . . .     SeeInvis +     g - +0 short sword (flame)
rCold  . . .     Gourm    .     b - +0 robe
rNeg   . . .     Faith    .     (shield restricted)
rPois  .         Spirit   .     (helmet restricted)
rElec  .         Reflect  .     (no cloak)
rCorr  .         Harm     .     (gloves unavailable)
MR     .....                    (boots unavailable)
Stlth  +.........               (no amulet)
                                (no ring)
                                l - +4 ring of strength

@: lethally poisoned (0 -> -4), drained, very quick
A: unfitting armour, see invisible, herbivore 3, speed 3, slow metabolism 2
a: Depart the Abyss, Renounce Religion


You were on level 2 of the Dungeon.
You worshipped Lugonu.
Lugonu was aware of your devotion.
You were not hungry.

You visited 1 branch of the dungeon, and saw 2 of its levels.
You visited the Abyss 1 time.

You collected 115 gold pieces.

Inventory:

Hand Weapons
 a - a +1 short sword
 g - a +0 short sword of flaming (weapon)
 h - a +0 whip of flaming
 k - a +0 dagger
 n - a +2 short sword of speed
Missiles
 p - 10 poisoned needles
Armour
 b - a +0 robe (worn)
Jewellery
 i - an uncursed amulet of harm
 l - a +4 ring of strength (left hand)
Scrolls
 e - 2 scrolls of remove curse
 m - a scroll of identify {unknown}
 r - a scroll of recharging {unknown}
Potions
 d - 3 potions of curing {unknown}
 f - a potion of heal wounds {unknown}
 j - a potion of ambrosia {unknown}
 q - a potion of magic {unknown}
Comestibles
 c - 3 bread rations
 o - a fruit


   Skills:
 - Level 2.4(1.3) Fighting
 + Level 4.4(3.3) Short Blades
 - Level 3.5(2.4) Dodging
 - Level 1.7(0.7) Invocations


You had 2 spell levels left.
You didn't know any spells.

Dungeon Overview and Level Annotations

Branches:
Dungeon (2/15)

Altars:


Innate Abilities, Weirdness & Mutations

You are very small and have problems with some larger weapons.
You are too small for most types of armour.
You have supernaturally acute eyesight. (SInv)
You are a herbivore.
You cover ground extremely quickly.
You need consume almost no food.


Message History

You hit the adder but do no damage.
The adder is almost dead.
The adder bites you.
You miss the adder.
The adder is almost dead.
The adder bites you.
You are poisoned.
The adder poisons you!
You hit the adder but do no damage.
The adder is almost dead.
You feel sick. The adder bites you.
You closely miss the adder.
The adder is almost dead.
The adder bites you.
* * * LOW HITPOINT WARNING * * *
The adder barely misses you.
You completely miss the adder.
The adder is almost dead.
The adder bites you.
You die...

#..## #...# ## #.
###...# #.# #.
......##.# #.
......#.# ###.##
%####..## ##. ?..#
..###.#.###.###..#
.....>...#.....S.#
..###.###.#.####@#
.## #†# ##.#.##.#
.# #.# #<.#.#.#
.####.#####.###..#
.......[.....#.#.#
......#####.#.##.#
####### #.#.##.#
#.# ##.# #.# #.#


You could see an adder.

Vanquished Creatures
  2 adders (D:2)
  A dart slug (D:1)
  2 leopard geckos (D:2)
  3 giant cockroaches
  4 goblins (D:1)
  4 hobgoblins (D:1)
  6 kobolds
  2 bats (D:1)
  3 frilled lizards
  4 rats
31 creatures vanquished.

Notes
Turn   | Place    | Note
-------+----------+-------------------------------------------
     0 | Abyss:1  | FitzyFitz the Spriggan Abyssal Knight began the quest for the Orb.
     0 | Abyss:1  | Reached XP level 1. HP: 11/11 MP: 3/3
    79 | Abyss:1  | Noticed a quasit
   125 | Abyss:1  | Noticed a neqoxec
   138 | Abyss:1  | Noticed a freezing wraith
   154 | Abyss:1  | Noticed a wretched star
   164 | Abyss:1  | Noticed a quasit
   165 | Abyss:1  | Noticed a large abomination
   166 | Abyss:1  | Noticed an ancient zyme
   207 | Abyss:1  | Noticed a small abomination
   233 | Abyss:1  | Noticed a wretched star
   235 | Abyss:1  | Noticed an orc sorcerer
   236 | Abyss:1  | Noticed a thrashing horror
   240 | Abyss:1  | Noticed an iron dragon skeleton
   245 | Abyss:1  | Noticed a yellow draconian
   273 | D:1      | Escaped the Abyss
   819 | D:1      | Reached skill level 3 in Short Blades
   819 | D:1      | Reached XP level 2. HP: 15/16 MP: 4/4
  1636 | D:2      | Reached skill level 4 in Short Blades
  1636 | D:2      | Reached XP level 3. HP: 11/19 MP: 5/5
  1927 | D:2      | Reached * piety under Lugonu
  2261 | D:2      | Slain by an adder

Vault maps used:
D:1:      tarquinn_simple_flora_water_c, minmay_tromino_v4_a

Skill      XL: |  1  2 |
---------------+-------+-----
Short Blades   | 3 4 |  4.4
Fighting       | |  2.4
Dodging        | |  3.5
Invocations    | |  1.7

Action                   || total
-------------------------++-------
Melee: Short sword       ||   121
Invok: Depart the Abyss  ||     1
  Use: Scroll            ||     1
Armor: Robe              ||    14
Dodge: Dodged            ||    93
